Picklejuice13, neutral male human Tourist ----- --------- |<..--- ------.......-- ------- --------------- |.....---|.........--..| |.....| ------- | | --..|....|.---------|..| |.(_..| |> | --.---+-- ----+| ---|........ | ---- |.....| ------ -- |--- | | |- | + | ----.|....|--- ----- ---%--- | .-.| --- | ---| |--.- --| | -----..| ---- -- |.| | .|.| ---+- -.-- --+| ------ |..|.. | ---- |.| | |@|----- -- | |....| --..... ---.-- ---|@-..|| -| --------+-- -- |....| |......--- ...----- |l|..|| { |--| | -- ---|--------... |------ .......---|.|..||- | | | | ------.---.. -|...-|..|..|- .-.......-|.|---| | |------------- | |..|-.........|.(--|..|..|-- ....---...|.-- | --- -| | | -- |..-..)............-|---|-----..---....|.. |- + | | ------- -----.....{....----.............. |........ --- | -| | | | | |..............-- |-|--.--------- ...`..N-- | |------ | | |----- ||-----........ | |...|.|....| -- ......-----| | |------ | --+-| | |...| --..------- | |.-....| ---...--- -- | -- --- + -+| |...| ---- ------|....| ----- ----- ---- { | | | ----- ------ ------- --------------- Picklejuice13 the Excursionist Experience level: 6 Strength: 9 Dexterity: 12 Constitution: 15 Intelligence: 18 Wisdom: 8 Charisma: 19 Health: 0(44) Energy: 22(22) Def: 4 Gold: 1337 Moves: 3907 Dungeon seed: 0000000000001313 Game ID: Picklejuice13_1448554075 Your Inventory: Coins $ - 1337 gold pieces Weapons a - a +0 orcish dagger (weapon in hand) x - 3 +2 darts y - 14 +2 darts z - 43 +2 darts (in quiver) A - 6 blessed +2 darts T - 6 cursed +0 arrows Armor e - an uncursed +0 Hawaiian shirt (being worn) q - an uncursed +0 dwarvish iron helm (being worn) r - an uncursed +0 dwarvish cloak (being worn) N - an uncursed +0 pair of iron shoes (being worn) Comestibles d - 4 uncursed fortune cookies f - 4 uncursed food rations g - an uncursed egg h - an uncursed pancake o - an uncursed tin of jackal meat u - an uncursed partly eaten food ration v - an uncursed cream pie J - an uncursed Tentation Scrolls j - 2 uncursed scrolls of magic mapping s - a cursed scroll of teleportation C - an uncursed scroll of identify Potions i - an uncursed potion of extra healing I - an uncursed potion of hallucination K - an uncursed potion of confusion Wands m - a wand of secret door detection (0:12) O - a wand of light (0:13) P - a wand of striking (0:4) Q - a wand of striking (0:4) R - a wand of fire (0:5) Z - a wand of magic missile (0:7) Tools c - an expensive camera (0:55) k - an uncursed credit card l - an uncursed leash L - an uncursed brass lantern (0:1057) S - an uncursed figurine of a newt Y - an uncursed magic whistle Gems X - an uncursed flint stone Spells and supernatural/magical abilities: Name Level Category Fail Memory W - pray for help -- divine ? -- Your skills at the end: Miscellaneous Skills wands [Basic] Weapon Skills dagger [Basic] dart [Skilled] Spellcasting Skills Final Attributes: You were devoutly aligned. You are dead. Vanquished creatures: a large mimic a dwarf king a wolf a gnome king a dust vortex 9 gnome lords a gnomish wizard a gray ooze 10 dwarves 2 iguanas 3 orc zombies a werejackal a coyote a gas spore 2 hobbits a gecko 4 giant rats a cave spider 29 gnomes 3 garter snakes 3 jackals 5 foxes a kobold 6 newts a goblin a sewer rat 7 grid bugs 2 bats 2 lichens a kobold zombie 103 creatures vanquished. Voluntary challenges: You did not adorn yourself with jewelry or accessories. You had been an atheist until turn 3597. You used a wielded weapon 50 times, starting on turn 1476. You did not apply a unicorn horn. You read items or engraved 4 times, starting on turn 2140. You never genocided any monsters. You never polymorphed an object. You never changed form. You used no wishes. You never split a pudding. You wrote Elbereth's name 2 times, starting on turn 3557. You never violated your personal moral code. Dungeon overview: The Dungeons of Doom: levels 1 to 2 Level 1 an altar to Blind Io a long staircase Level 2 a fountain, a sink stairs to The Gnomish Mines The Gnomish Mines: levels 3 to 6 Level 3 stairs to The Dungeons of Doom Level 4 Level 5 Level 6 <- You were here some shops, a temple to Offler, a magic chest, some fountains History has recorded: On T:1 you entered the Dungeons of Doom to retrieve the Amulet of Yendor! On T:663 you reached level 2 of The Dungeons of Doom. On T:1257 you reached level 1 of The Gnomish Mines. On T:1577 you advanced to experience level 2. On T:1674 you advanced to experience level 3. On T:1913 you advanced to experience level 4. On T:2138 you reached level 2 of The Gnomish Mines. On T:2437 you advanced to experience level 5. On T:2758 you reached level 3 of The Gnomish Mines. On T:2945 you reached level 4 of The Gnomish Mines. On T:3029 you advanced to experience level 6. On T:3594 you entered the Minetown temple On T:3600 you opened a magic chest. On T:3609 you opened a magic chest. On T:3671 you opened a magic chest. On T:3840 you opened a magic chest. On T:3845 you opened a magic chest. Score breakdown: Gold: 398 ( 39 points) Experience: 6 levels ( 500 points) Exploration: 6 levels ( 150 points) Discoveries: 6 items ( 300 points) Variety of kills: 30 monsters ( 1500 points) Major goal: reached Minetown ( 500 points) Survival: died (score multiplied by 3) Total score: 8967 Latest messages: You put an uncursed tan spellbook into the magic chest. You put an uncursed thick spellbook into the magic chest. You put an uncursed yellow potion into the magic chest. Your movements are now unencumbered. The Woodland-elf is blinded by the flash! The Woodland-elf thrusts her runed short sword. The Woodland-elf stabs you! You die... Final status: Aloha Picklejuice13 the Tourist, killed by a Woodland-elf... You died in The Gnomish Mines on dungeon level 6 with 8967 points, and 1337 pieces of gold, after 3907 moves. You were level 6 with a maximum of 44 hit points when you died.